 Dungeon Crawl Stone Soup version 0.29.1-14-g9c671dbff4 (webtiles) character file.

Game seed: 6855070285528438923

3583 112233 the Thaumaturge (level 9, -6/65 HPs)
             Began as a Demonspawn Necromancer on Feb 14, 2023.
             Was a Follower of Makhleb.
             Mangled by a raiju (8 damage)
             ... on level 1 of the Abyss.
             The game lasted 00:14:25 (11888 turns).

112233 the Thaumaturge (Demonspawn Necromancer)    Turns: 11888, Time: 00:14:27

Health: -6/65      AC:  8    Str:  9    XL:     9   Next: 85%
Magic:  21/22      EV: 14    Int: 21    God:    Makhleb [*.....]
Gold:   267        SH:  0    Dex: 13    Spells: 18/26 levels left

rFire   . . .      SeeInvis .   z - +0 war axe (vorpal)
rCold   . . .      Faith    .   (no shield)
rNeg    . . .      Spirit   .   a - +0 robe
rPois   .          Reflect  .   f - +0 helmet
rElec   .          Harm     .   s - +0 cloak
rCorr   .          Rampage  .   B - +1 pair of gloves
Will    .....                   (no boots)
Stlth   ++........              (no amulet)
HPRegen 0.20/turn               (no ring)
MPRegen 0.18/turn               (no ring)

@: unable to read, unable to drink
A: demonic guardian 2, ignite blood 2, sharp scales 2, weakness stinger 1,
mutation resistance 1, wild magic 1, [inability to drink after injury 2],
[inability to read after injury 2]
a: Renounce Religion


You were on level 1 of the Abyss.
You worshipped Makhleb.
Makhleb was aware of your devotion.
You visited 2 branches of the dungeon, and saw 10 of its levels.
You visited the Abyss 1 time.

You collected 371 gold pieces.
You spent 104 gold pieces at shops.

Inventory:

Hand Weapons
 g - a +0 trident
 t - a +1 dagger of freezing
 z - a +0 vorpal war axe (weapon)
Missiles
 A - a throwing net
Armour
 a - a +0 robe (worn)
 f - a +0 helmet (worn)
 s - a +0 cloak (worn)
 B - a +1 pair of gloves (worn)
Jewellery
 h - an amulet of guardian spirit
 q - a +4 ring of protection
 x - a +6 ring of strength
 E - a +6 ring of dexterity
Wands
 n - a wand of iceblast (17)
 C - a wand of polymorph (4)
 D - a wand of light (2) (quivered)
 F - a wand of charming (14)
Scrolls
 d - 2 scrolls of fog
 j - 2 scrolls of brand weapon
 o - 3 scrolls of teleportation {unknown}
 v - a scroll of fear {unknown}
 y - 4 scrolls of identify
Potions
 b - a potion of mutation
 c - a potion of lignification
 e - a potion of degeneration {unknown}
 i - a potion of flight
 k - 4 potions of heal wounds
 m - 5 potions of curing
 p - a potion of experience {unknown}
 r - 2 potions of invisibility {unknown}
 u - a potion of resistance
 w - a potion of ambrosia


   Skills:
 + Level 4.2 Fighting
 + Level 6.3 Dodging
 - Level 1.7 Stealth
 * Level 9.0 Spellcasting
 + Level 8.6 Necromancy


You had 18 spell levels left.
You knew the following spells:

 Your Spells              Type           Power      Damage    Failure   Level
a - Necrotise             Necr           100%       1d9       1%          1
b - Vampiric Draining     Necr           56%        2d10      1%          3
c - Animate Dead          Necr           56%        N/A       3%          4

Your spell library contained the following spells:

 Spells                   Type           Power      Damage    Failure   Level
 Sublimation of Blood     Necr           56%        N/A       1%          2
 Agony                    Necr           56%        N/A       10%         5
 Sting                    Tmut/Pois      48%        1d5       11%         1
 Summon Small Mammal      Summ           48%        N/A       11%         1
 Ensorcelled Hibernation  Hex/Ice        24%        N/A       16%         2
 Passwall                 Tmut/Erth      10%        N/A       16%         2
 Poisonous Vapours        Pois/Air       24%        N/A       16%         2
 Wereblood                Tmut           12%        N/A       16%         2
 Call Canine Familiar     Summ           12%        N/A       30%         3
 Gell's Gravitas          Tloc           12%        N/A       30%         3
 Lesser Beckoning         Tloc           12%        N/A       30%         3
 Stone Arrow              Conj/Erth      24%        3d8       30%         3
 Summon Guardian Golem    Hex/Summ       12%        N/A       30%         3
 Swiftness                Air            12%        N/A       30%         3
 Teleport Other           Tloc           12%        N/A       30%         3
 Animate Armour           Summ/Erth      24%        N/A       65%         4
 Olgreb's Toxic Radiance  Pois           12%        N/A       65%         4
 Petrify                  Tmut/Erth      12%        N/A       65%         4
 Irradiate                Conj/Tmut      6%         3d13      93%         5
 Summon Hydra             Summ           6%         N/A       100%        7
 Lehudib's Crystal Spear  Conj/Erth      6%         10d3      100%        8


Dungeon Overview and Level Annotations

Branches:
Dungeon (9/15)             Temple (1/1) D:6
   Lair: D:8-11         Orc: D:9-12

Altars:
Ashenzari
Cheibriados
Dithmenos
Fedhas
Gozag
Hepliaklqana
Kikubaaqudgha
Makhleb
Okawaru
Qazlal
Ru
Trog
Uskayaw
Vehumet
Wu Jian
Xom
Yredelemnul

Shops:
D:1 (   D:7 (   D:8 *

Annotations:
D:7 1 runed translucent door, BabyfaceFinlayson's ghost, novice OgFE
D:9 Psyche


Innate Abilities, Weirdness & Mutations

A demonic guardian rushes to your aid.
Your demonic aura often causes spilled blood to erupt in flames.
You are mostly covered in razor-sharp scales. (AC +2, Slay +2)
You have a small tail.
You are somewhat resistant to further mutation.
Your spells are a little harder to cast, but a little more powerful.
[You sometimes lose the ability to drink potions when taking damage.]
[You sometimes lose the ability to read scrolls when taking damage.]


Message History

Your orange demon is knocked back by the lance of force.
Your orange demon collides with you!
* * * LOW HITPOINT WARNING * * *
Your orange demon is severely wounded.
You hear a bark!
Your Spellcasting skill increases to level 9!
Unknown command.
Unknown command.
Unknown command.
You cannot read scrolls in your current state!
Unknown command.
Unknown command.
Unknown command.
Aiming: Bolt of Light
Press: ? - help, Shift-Dir - straight line, f - raiju
Aim: a raiju (57% to hit)
The bolt of light hits the raiju!
The raiju is heavily wounded.
Your orange demon barely misses the wretched star.
Unknown command.
Unknown command.
Aiming: Bolt of Light
Press: ? - help, Shift-Dir - straight line, f/p - raiju
Aim: a raiju (heavily wounded, 57% to hit)
The bolt of light hits the raiju!
The raiju is severely wounded.
You hear a bark! x2
The wretched star glows turbulently.
The lance of force misses you. The raiju bites you but does no damage.
The wretched star glows turbulently.
The lance of force hits your orange demon!!
Your orange demon dies!
Your orange demon disappears in a puff of smoke!
Aiming: Bolt of Light
Press: ? - help, Shift-Dir - straight line, f/p - raiju
Aim: a raiju (severely wounded, 57% to hit)
The bolt of light hits the raiju!
The raiju is almost dead.
The raiju bites you!
You die...

... ............ .
..... ...........
.#..#........# .#
####
.....##......## §
....
..........*.....
....
......*............
......h.........#
#@†.......#
#####+##..# ..... .
.# ..........# .
....#.F . ... .
.#.# .#.... ....F §
# . ..#...F§
##.#...# ...


You could see 2 wretched stars and a raiju.

Vanquished Creatures
  Maggie (D:7)
  An unseen horror (D:8)
  2 blink frogs (Abyss:1)
  A water moccasin (D:6)
  Duvessa (D:4)
  2 orc warriors (D:8)
  A sky beast (D:7)
  An ogre (D:5)
  2 centaurs
  A kobold brigand (D:8)
  An elf zombie (D:4)
  An elf skeleton (D:4)
  3 scorpions
  A wight (D:8)
  4 killer bees (D:8)
  2 electric eels (D:8)
  3 howler monkeys
  2 hounds (D:6)
  3 orc priests
  A gnoll bouda (D:5)
  A jelly (D:6)
  An iron imp (Abyss:1)
  An iguana (D:4)
  6 orc wizards
  A human skeleton (D:4)
  A hound skeleton (D:4)
  12 gnolls
  8 adders
  A shadow imp (D:5)
  3 ufetubi
  2 worms (D:2)
  2 dart slugs
  29 orcs
  5 bats
  4 endoplasms
  2 giant cockroaches (D:2)
  4 hobgoblins
  10 jackals
  2 quokkas
  5 ball pythons
  4 frilled lizards
  4 goblins
  6 kobolds
  6 rats
154 creatures vanquished.

Vanquished Creatures (collateral kills)
  A steam dragon (D:6)
  A necrophage (D:4)
  Dowan (D:4)
  2 killer bees (D:8)
  An orc priest (D:5)
  A gnoll (D:4)
  A shadow imp (D:7)
  An orc (D:6)
  A kobold (D:3)
10 creatures vanquished.

Vanquished Creatures (others)
  2 kobolds (D:9)
  22 plants
  2 withered plants (D:7)
26 creatures vanquished.

Grand Total: 190 creatures vanquished

Notes
Turn   | Place    | Note
-------+----------+-------------------------------------------
     0 | D:1      | 112233 the Demonspawn Necromancer began the quest for the
                  | Orb.
     0 | D:1      | Reached XP level 1. HP: 13/13 MP: 3/3
   311 | D:1      | Found Naloarpho's Weapon Shoppe.
   318 | D:1      | Gained mutation: A weak demonic guardian rushes to your
                  | aid. [demonic ancestry]
   318 | D:1      | Reached XP level 2. HP: 19/19 MP: 1/5
   994 | D:1      | Gained mutation: Your demonic aura sometimes causes spilled
                  | blood to erupt in flames. [demonic ancestry]
   994 | D:1      | Reached XP level 3. HP: 18/24 MP: 1/7
  1281 | D:2      | Found a shadowy altar of Dithmenos.
  1440 | D:2      | Reached skill level 3 in Spellcasting
  1532 | D:2      | Learned a level 3 spell: Vampiric Draining
  1965 | D:2      | Gained mutation: Your demonic aura often causes spilled
                  | blood to erupt in flames. [demonic ancestry]
  1965 | D:2      | Reached XP level 4. HP: 29/30 MP: 5/8
  2023 | D:2      | Found a faded altar of an unknown god.
  2234 | D:3      | Noticed a scorpion
  2236 | D:3      | Killed a scorpion
  2237 | D:3      | Reached skill level 5 in Necromancy
  2237 | D:3      | Gained mutation: You are partially covered in razor-sharp
                  | scales. (AC +1, Slay +1) [demonic ancestry]
  2237 | D:3      | Reached XP level 5. HP: 35/35 MP: 4/10
  2665 | D:3      | Reached skill level 4 in Spellcasting
  3142 | D:4      | Learned a level 4 spell: Animate Dead
  3381 | D:4      | Found a burning altar of Makhleb.
  3627 | D:4      | Gained mutation: You are somewhat resistant to further
                  | mutation. [potion of mutation]
  3627 | D:4      | Gained mutation: Your spells are a little harder to cast,
                  | but a little more powerful. [potion of mutation]
  3628 | D:4      | HP: 1/35 [gnoll/+1 vorpal spear (1)]
  3914 | D:4      | Gained mutation: You are mostly covered in razor-sharp
                  | scales. (AC +2, Slay +2) [demonic ancestry]
  3914 | D:4      | Reached XP level 6. HP: 41/41 MP: 8/12
  4794 | D:5      | Entered Level 5 of the Dungeon
  4940 | D:5      | Reached skill level 5 in Spellcasting
  4949 | D:5      | Gained mutation: A demonic guardian rushes to your aid.
                  | [demonic ancestry]
  4949 | D:5      | Reached XP level 7. HP: 38/46 MP: 5/14
  6112 | D:6      | Found a staircase to the Ecumenical Temple.
  6184 | Temple   | Entered the Ecumenical Temple
  6579 | D:4      | Became a worshipper of Makhleb the Destroyer
  6607 | D:4      | Noticed Dowan
  6625 | D:4      | Noticed Duvessa
  6642 | D:4      | Killed Duvessa
  6642 | D:4      | Killed Dowan
  6643 | D:4      | Reached skill level 6 in Spellcasting
  7165 | D:4      | Gained mutation: You have a small tail. [demonic ancestry]
  7165 | D:4      | Reached XP level 8. HP: 33/52 MP: 17/17
  7907 | D:6      | Reached skill level 1 in Fighting
  7907 | D:6      | Reached skill level 5 in Dodging
  7907 | D:6      | Reached skill level 7 in Spellcasting
  8609 | D:7      | Noticed Maggie
  8615 | D:7      | Killed Maggie
  8763 | D:7      | Found a runed translucent door.
  8763 | D:7      | Noticed BabyfaceFinlayson's ghost (novice OgFE)
  8920 | D:7      | Reached XP level 9. HP: 62/62 MP: 3/20
  9406 | D:7      | Found Ador's Antique Weapon Boutique.
 10261 | D:8      | Reached skill level 8 in Spellcasting
 10561 | D:8      | Killed an unseen horror
 10922 | D:8      | Found Oschassaz's Hallowed Reliquary.
 10922 | D:8      | Noticed an angel
 11277 | D:8      | Bought a potion of curing for 39 gold pieces
 11277 | D:8      | Bought a potion of heal wounds for 65 gold pieces
 11783 | D:9      | Noticed Psyche
 11787 | D:9      | Reached * piety under Makhleb
 11797 | Abyss:1  | Cast into level 1 of the Abyss (Psyche)
 11876 | Abyss:1  | Noticed a wretched star
 11876 | Abyss:1  | Noticed a wretched star
 11885 | Abyss:1  | HP: 2/65 [orange demon collision (8)]
 11886 | Abyss:1  | Reached skill level 9 in Spellcasting
 11888 | Abyss:1  | Mangled by a raiju

Illustrated notes

Levels and vault maps discovered:
D:1:      mrwooster_arrival_arrow, layout_basic, serial_shops,
          nicolae_shop_waterfront
D:2:      layout_loops_ring, serial_forest, infiniplex_forest_clump_small,
          infiniplex_forest_clump_cross, infiniplex_forest_clump_small,
          infiniplex_forest_straight_3, infiniplex_forest_clump_curved,
          infiniplex_forest_lined_4_way, infiniplex_forest_lined_room_3,
          infiniplex_forest_lined_2, infiniplex_forest_straight_3, basic_altar,
          ebering_ecumenical_altar_webs
D:3:      layout_rooms, serial_bayou, serial_bayou_pond_a, serial_bayou_pond_d,
          serial_bayou_pond_c, serial_bayou_pond_e, serial_bayou_shore_b,
          serial_bayou_lagoon_b
D:4:      layout_basic, makhleb_blood_cavern_becter,
          nicolae_ossuary_entry_catacombs, uniq_duvessa
D:5:      layout_loops_ring, serial_bayou_pond_e, glass_columns_b
D:6:      layout_basic, minmay_temple_entry_grid, minmay_misc_feat_four_crosses
D:7:      layout_rooms, mainiacjoe_overflow_paths, serial_shops,
          nicolae_take_the_stairs, gammafunk_ghost_grave,
          minmay_strange_pillars, uniq_maggie
D:8:      layout_gridville, minivault_14, roderic_lattice_a, st_stairs_7,
          nicolae_good_shop
D:9:      gammafunk_steamed_eel, layout_basic, dpeg_lair_monsters, serial_shops,
          nicolae_stop_n_shop_1, uniq_psyche, uniq_erica
Temple:   nicolae_temple_bog_church
Abyss:1:  base:
D:8

Skill      XL: |  1  2  3  4  5  6  7  8  9 |
---------------+----------------------------+-----
Dodging        | 2 3 4 5 6 |  6.3
Spellcasting   | 3 4 5 6 7 9 |  9.0
Necromancy     | 5 6 7 8 |  8.6
Fighting       | 2 4 |  4.2
Stealth        | |  1.7

Action                   |  1- 3 |  4- 6 |  7- 9 || total
-------------------------+-------+-------+-------++-------
Melee: Unarmed           |     4 |    50 |       ||    54
       Trident           |       |    26 |    56 ||    82
       War axe           |       |       |    29 ||    29
       Tailslap          |       |       |     6 ||     6
       Punch             |       |       |     1 ||     1
 Cast: Necrotise         |    71 |   109 |    80 ||   260
       Vampiric Draining |       |     3 |    74 ||    77
Evoke: Wand              |       |       |    14 ||    14
  Use: Potion            |       |     4 |     4 ||     8
       Scroll            |       |       |     3 ||     3
 Stab: Sleeping          |       |       |     1 ||     1
Armor: Robe              |     7 |    36 |    61 ||   104
       Skin              |       |       |     5 ||     5
Dodge: Dodged            |    24 |   128 |   144 ||   296
